 Dungeon Crawl Stone Soup version 0.31.0-12-g77e489cdc1 (webtiles) character file.

Game seed: 11588942453188087730

949 Gadfly the Covered (level 7, -1/58 HPs)
             Began as an Armataur Fighter on Mar 1, 2024.
             Was a Follower of Elyvilon.
             Slain by a centaur (5 damage)
             ... on level 5 of the Dungeon.
             The game lasted 00:10:03 (4544 turns).

Gadfly the Covered (Armataur Fighter)               Turns: 4544, Time: 00:10:03

Health: -1/58      AC:  8    Str: 20    XL:     7   Next: 90%
Magic:  9/9        EV:  7    Int: 12    God:    Elyvilon [*.....]
Gold:   229        SH:  5    Dex: 11    Spells: 6/6 levels left

rFire   . . .        b - +0 whip (elec)
rCold   . . .        c - +0 buckler
rNeg    . . .        k - +0 scale mail
rPois   .            n - +0 helmet
rElec   .            (no cloak)
rCorr   .            (no gloves)
SInv    .            (no barding)
Will    .....        (no amulet) Stlth
                     (no ring)
HPRegen 0.29/turn    (no ring)
MPRegen 0.11/turn

%: clarity, roll
@: lethally poisoned (-1 -> -2)
A: large, deformed body, tough skin 3, armoured tail, roll 2, clarity, clever 1
a: Renounce Religion, Purification


You were on level 5 of the Dungeon.
You worshipped Elyvilon.
Elyvilon was aware of your devotion.
You visited 1 branch of the dungeon, and saw 5 of its levels.
You also visited: Sewer.

You collected 229 gold pieces.

Inventory:

Hand Weapons
 a - a +0 morningstar
 b - a +0 whip of electrocution (weapon)
 r - a +1 flail
Armour
 c - a +0 buckler (worn)
 k - a +0 scale mail (worn)
 n - a +0 helmet (worn)
Wands
 l - a wand of paralysis (20)
 s - a wand of flame (8) (quivered)
 t - a wand of acid (10)
 v - a wand of roots (15)
Scrolls
 i - a scroll of teleportation
 j - a scroll of blinking
 o - a scroll of fog
 p - a scroll of fear
 w - a scroll of revelation
 x - a scroll of enchant weapon
Potions
 d - a potion of might
 e - a potion of haste
 f - a potion of enlightenment {unknown}
 g - a potion of cancellation
 h - a potion of degeneration {unknown}
 m - a potion of curing
 q - 2 potions of attraction


   Skills:
 + Level 3.9 Fighting
 * Level 4.2 Maces & Flails
 + Level 5.1 Armour
 + Level 4.6 Shields
 * Level 3.8 Invocations
 * Level 4.0 Evocations


You had 6 spell levels left.
You didn't know any spells.
Your spell library contained the following spells:

 Spells                   Type           Power      Damage    Failure   Level
 Call Canine Familiar     Summ           0%         N/A       97%         3
 Gell's Gravitas          Tloc           0%         N/A       97%         3
 Sigil of Binding         Hex            0%         N/A       97%         3
 Teleport Other           Tloc           0%         N/A       97%         3
 Dimensional Bullseye     Hex/Tloc       0%         N/A       100%        4
 Dispersal                Tloc           0%         N/A       100%        6


Dungeon Overview and Level Annotations

Branches:
Dungeon (5/15)              Sewer (visited)
 Temple: D:4-7

Altars:
Elyvilon
Trog
Xom


Innate Abilities, Weirdness & Mutations

Armour fits poorly on your strangely shaped body.
You have extremely tough skin. (AC +3)
You have a long armoured tail.
You regenerate magic and health when rolling toward enemies. (Rampage Regen)
You possess an exceptional clarity of mind.
Your mind is acute. (Int +4, Str/Dex -1)


Message History

You are too injured to fight recklessly!
You are too injured to fight recklessly!
You are too injured to fight recklessly!
You are too injured to fight recklessly!
You are too injured to fight recklessly!
You are too injured to fight recklessly!
You are too injured to fight recklessly!
You are too injured to fight recklessly!
Unknown command.
You hit the scorpion.
The scorpion is lightly wounded.
The scorpion stings you. The scorpion barely misses you.
You hit the scorpion. Lightning courses through the scorpion!
The scorpion is almost dead.
The scorpion stings you.
You are poisoned.
The scorpion poisons you!
You closely miss the scorpion.
The scorpion is almost dead.
You feel sick. The scorpion stings you.
You hit the scorpion but do no damage.
The scorpion is almost dead.
You feel sick.
The scorpion stings you but does no damage.
You barely miss the scorpion.
The scorpion is almost dead.
You feel sick. The scorpion stings you.
* * * LOW HITPOINT WARNING * * *
Unknown command.
You hit the scorpion.
You kill the scorpion!
You feel sick.
The centaur wields a +0 orcbow.
The centaur shoots an arrow.
The arrow hits you!
* * * LOW HITPOINT WARNING * * *
Your Evocations skill increases to level 4!
You feel sick.
The centaur unwields a +0 orcbow.
The centaur hits you but does no damage.
The centaur kicks you but does no damage.
The centaur hits you.
You die...

...>......
........
....... #.....
#.... # #...
...# ..
#...##..#
....#....
.$....c@###
....#....
...!..##..##
.........
.....
##..###.......
....
##..##.....#
... ##..#....#
.. ##.....# .
##...## ##..#
#..#


You could see a centaur.

Vanquished Creatures
  Sigmund (D:2)
  An ogre (D:4)
  3 kobold brigands (Sewer)
  2 scorpions
  A sleepcap (D:5)
  Natasha (thrice) (D:4)
  An iguana (D:4)
  Ijyb (D:3)
  Robin (D:3)
  2 river rats
  8 adders
  A shadow imp (D:4)
  5 ribbon worms
  4 dart slugs
  4 orcs
  9 ball pythons
  13 endoplasms
  5 giant cockroaches
  15 goblins
  11 hobgoblins
  2 jackals (D:1)
  13 kobolds
  4 quokkas
  9 bats
  5 frilled lizards
  6 rats
130 creatures vanquished.

Notes
Turn   | Place    | Note
-------+----------+-------------------------------------------
     0 | D:1      | Gadfly the Armataur Fighter began the quest for the Orb.
     0 | D:1      | Reached XP level 1. HP: 18/18 MP: 1/1
   122 | D:1      | Reached XP level 2. HP: 16/25 MP: 2/2
   382 | D:1      | Reached skill level 1 in Evocations
   558 | D:1      | Reached XP level 3. HP: 27/28 MP: 3/3
   898 | D:2      | Reached skill level 1 in Invocations
  1184 | D:2      | Noticed Sigmund
  1192 | D:2      | Killed Sigmund
  1193 | D:2      | Reached skill level 4 in Armour
  1193 | D:2      | Reached XP level 4. HP: 36/38 MP: 3/5
  1193 | D:2      | Reached XP level 5. HP: 43/45 MP: 3/6
  1304 | D:3      | Found a faded altar of an unknown god.
  1431 | D:3      | Noticed Robin
  1458 | D:3      | Killed Robin
  1717 | D:3      | Found a glowing drain.
  1856 | Sewer    | Entered a sewer
  1976 | Sewer    | Reached XP level 6. HP: 51/51 MP: 7/7
  2544 | Sewer    | Gained mutation: You regenerate magic and health when
                  | rolling toward enemies. (Rampage Regen) [Armataur growth]
  2544 | Sewer    | Reached XP level 7. HP: 49/57 MP: 9/9
  2698 | D:3      | Found a white marble altar of Elyvilon.
  2717 | D:3      | Found a bloodstained altar of Trog.
  2743 | D:3      | Became a worshipper of Elyvilon the Healer
  3043 | D:3      | Noticed Ijyb
  3053 | D:3      | Killed Ijyb
  3234 | D:4      | HP: 2/57 [poisoned by a scorpion]
  3698 | D:4      | Noticed Natasha
  3707 | D:4      | Killed Natasha
  3775 | D:4      | Noticed Natasha
  3784 | D:4      | Killed Natasha
  3785 | D:4      | Reached skill level 5 in Armour
  3817 | D:4      | Found a shimmering altar of Xom.
  3859 | D:4      | Gained mutation: You possess an exceptional clarity of
                  | mind. [potion of mutation]
  3859 | D:4      | Gained mutation: Your mind is acute. (Int +4, Str/Dex -1)
                  | [potion of mutation]
  4102 | D:4      | Reached * piety under Elyvilon
  4205 | D:4      | Noticed Natasha
  4210 | D:4      | Killed Natasha
  4436 | D:5      | Entered Level 5 of the Dungeon
  4544 | D:5      | Slain by a centaur

Illustrated notes

Levels and vault maps discovered:
D:1:      ebering_hopf_link, layout_loops_ring
D:2:      layout_rooms, uniq_sigmund
D:3:      layout_loops_cross, mainiacjoe_overflow_big_doors,
          ebering_ecumenical_altar_mist, cheibrodos_sewer_entry_sluice,
          uniq_ijyb, uniq_robin
D:4:      layout_loops_ring, xom_confusion_cloud, roderic_roman_lattice,
          uniq_natasha
D:5:      layout_cave_pods

Skill      XL: |  1  2  3  4  5  6  7 |
---------------+----------------------+-----
Maces & Flails | 2 3 4 |  4.2
Evocations     | 1 2 3 4 |  4.0
Invocations    | 2 3 |  3.8
Fighting       | 3 |  3.9
Armour         | 4 5 |  5.1
Shields        | 4 |  4.6

Action                     |  1- 3 |  4- 6 |  7- 9 || total
---------------------------+-------+-------+-------++-------
  Melee: Flail             |   122 |    29 |       ||   151
         Tailslap          |     8 |    22 |    21 ||    51
         Whip              |       |   133 |   152 ||   285
    Use: Scroll            |     4 |     7 |     4 ||    15
         Potion            |       |     1 |     2 ||     3
   Stab: Distracted        |       |       |     1 ||     1
 Armour: Scale mail        |    98 |   113 |   109 ||   320
  Dodge: Dodged            |    54 |    47 |    40 ||   141
  Block: Buckler           |    29 |    46 |    40 ||   115
